 Dungeon Crawl Stone Soup version 0.27-a0-887-gcab673c142 (webtiles) character file.

Game seed: 3836688904740114082

77 voltaire321 the Ducker (level 4, -2/34 HPs)
             Began as a Djinni Gladiator on Apr 3, 2021.
             Slain by an orc wizard
             ... wielding a +0 dagger
              (4 damage)
             ... on level 2 of the Dungeon.
             The game lasted 00:10:51 (2220 turns).

voltaire321 the Ducker (Djinni Gladiator)           Turns: 2220, Time: 00:10:51

Health: -2/34      AC:  4    Str: 13    XL:     4   Next: 34%
Gold:   86         EV: 13    Int: 10    God:
                   SH:  0    Dex: 15

rFire    + + .     SeeInvis .   a - +0 long sword
rCold    . . .     Faith    .   (no shield)
rNeg     . . .     Spirit   .   b - +0 leather armour
rPois    ∞         Reflect  .   c - +0 helmet
rElec    .         Harm     .   (no cloak)
rCorr    .         Rampage  .   (no gloves)
Will     .....                  (boots unavailable)
Stlth    +.........             (no amulet)
HPRegen  0.11/turn              l - ring of protection from cold
MPRegen  0.00/turn              (no ring)

@: confused, flying, very slightly contaminated
A: fire resistance 2, cold vulnerability 1, float, innate caster, hp casting,
extra vitality 1
a: no special abilities


You were on level 2 of the Dungeon.
You visited 1 branch of the dungeon, and saw 2 of its levels.

You collected 86 gold pieces.

Inventory:

Hand Weapons
 a - a +0 long sword (weapon)
Missiles
 d - 4 throwing nets (quivered)
Armour
 b - a +0 leather armour (worn)
 c - a +0 helmet (worn)
Jewellery
 l - a ring of protection from cold (left hand)
Scrolls
 e - a scroll of blinking {unknown}
 f - a scroll of magic mapping {unknown}
 i - a scroll of vulnerability {unknown}
 k - a scroll of identify {unknown}
Potions
 g - a potion of berserk rage {unknown}
 h - 2 potions of might {unknown}
 j - a potion of ambrosia {unknown}


   Skills:
 + Level 2.7 Fighting
 + Level 3.3 Long Blades
 - Level 1.8 Throwing
 + Level 0.9 Armour
 + Level 4.1 Dodging


You had 2 spell levels left.
You knew the following spells:

 Your Spells              Type           Power      Damage    Failure   Level
a - Sting                 Tmut/Pois      0%         1d3       43%         1
Your spell library was empty.

Dungeon Overview and Level Annotations

Branches:
Dungeon (2/15)

Altars:
Nemelex Xobeh

Shops:
D:1 *   D:2 [


Innate Abilities, Weirdness & Mutations

You are immune to poison.
Your flesh is very heat resistant. (rF++)
You are vulnerable to cold. (rC-)
You float through the air rather than walking.
You learn spells naturally, not from books.
Your magical power is your life essence.
You have superior vitality. (+4 HP)


Message History

Aiming: Sting (safe; 43% risk of failure)
Press: ? - help, Shift-Dir - straight line, f/p - orc wizard
Aim: an orc wizard, wielding a +0 dagger and wearing a +0 robe (moderately wounded, poisoned, 45% to evade)
You miscast Sting.
You are very lightly contaminated with residual magic.
Nothing appears to happen.
The orc wizard completely misses you.
Casting: Sting (safe; 43% risk of failure)
Confirm with . or Enter, or press ? or * to list all spells.
Aiming: Sting (safe; 43% risk of failure)
Press: ? - help, Shift-Dir - straight line, f/p - orc wizard
Aim: an orc wizard, wielding a +0 dagger and wearing a +0 robe (moderately wounded, poisoned, 45% to evade)
You miscast Sting.
Nothing appears to happen.
The orc wizard looks more healthy.
The orc wizard hits you with a +0 dagger.
You barely miss the orc wizard.
The orc wizard is moderately wounded.
The orc wizard points at you and mumbles some strange words.
The magic dart hits you.
You barely miss the orc wizard.
The orc wizard is moderately wounded.
The orc wizard hits you with a +0 dagger.
The orc wizard gestures at itself while chanting.
The orc wizard flickers and vanishes!
Deactivating autopickup; reactivate with Ctrl-A.
You closely miss something. Something hits you but does no damage.
You barely miss something.
You hear some strange, mumbled words.
Something tries to affect you, but you resist.
You miss something. Something hits you.
* * * LOW HITPOINT WARNING * * *
You miss something.
You hear some strange, mumbled words.
A magic dart appears from out of thin air!
The magic dart hits you!
* * * LOW HITPOINT WARNING * * *
You miss something.
You hear some strange, mumbled words.
You are confused.
Something hits you.
You die...

##....#.#.#.#.#.###.#############
.....#.#.#.#.#.#.<...S...o.......
..###.#.#.#.#.#.#.#.######...S...
.....#.#.#.#.#.#.................
..##..#.#.#.#.#.#.#....#.#.......
.....#.#.#.#.#.#.........########
######.##.#.#........#.#..##.....
#....#.#........#.#..##.....
######....#.#...@................
#.........#.#.#.#{...#...........
#†####.#....###.#....#......####.
..#######.### #.#....#......# #.
......# #.# #.#....#......# #.
...##.#########.######......# #.
...##.........#.# #......# #.
.†.##########.#.# #......####.
........:.......# #.##'#......


There were no monsters in sight!

Vanquished Creatures
  3 adders (D:2)
  2 dart slugs (D:1)
  2 endoplasms
  3 giant cockroaches (D:1)
  4 goblins
  3 hobgoblins
  8 jackals
  A kobold (D:1)
  2 quokkas
  7 ball pythons
  4 bats
  A frilled lizard (D:1)
  4 rats (D:2)
44 creatures vanquished.

Notes
Turn   | Place    | Note
-------+----------+-------------------------------------------
     0 | D:1      | voltaire321 the Djinni Gladiator began the quest for the
                  | Orb.
     0 | D:1      | Reached XP level 1. HP: 18/18 MP: 0/0
     3 | D:1      | Found Naifa Juon's Assorted Antiques.
    19 | D:1      | Reached XP level 2. HP: 19/23 MP: 0/0
   227 | D:1      | Found a faded altar of an unknown god.
   359 | D:1      | Reached XP level 3. HP: 5/28 MP: 0/0
   359 | D:1      | Learned a level 1 spell: Sting
  1249 | D:2      | Found Gudifafi's Antique Armour Shoppe.
  1278 | D:2      | Found a sparkling altar of Nemelex Xobeh.
  1297 | D:2      | Noticed an orc warrior
  1799 | D:2      | Reached skill level 4 in Dodging
  1860 | D:2      | Reached XP level 4. HP: 33/34 MP: 0/0
  2220 | D:2      | Slain by an orc wizard

Illustrated notes

Levels and vault maps discovered:
D:1:      dpeg_arrival_arbitrary_b, layout_basic,
          shapermc_ecumenical_altar_totnotflames, serial_shops,
          nicolae_shop_window_shopping, minmay_misc_feat_tower,
          minmay_misc_feat_nine_boxes, minivault_24
D:2:      layout_basic, serial_shops, shop, basic_altar, minivault_23

Skill      XL: |  1  2  3 |
---------------+----------+-----
Long Blades    | 3 |  3.3
Dodging        | 4 |  4.1
Fighting       | |  2.7
Throwing       | |  1.8
Armour         | |  0.9

Action                   |  1- 3 |  4- 6 || total
-------------------------+-------+-------++-------
Melee: Long sword        |   117 |    37 ||   154
 Cast: Sting             |     6 |    10 ||    16
Armor: Leather armour    |    41 |     8 ||    49
Dodge: Dodged            |   111 |    30 ||   141
       Rpst.: Long sword |    35 |     7 ||    42

Table legend: (Time is in decaauts)
 A = Elapsed time spent in this place.
 B = Non-inter-level travel time spent in this place.
 C = Inter-level travel time spent in this place.
 D = Time resting spent in this place.
 E = Time spent auto-exploring this place.
 F = Levels seen in this place.
 G = Mean time per level.
                   A        B        C        D        E       F      G
               +--------+--------+--------+--------+--------+-----+--------+
         Total |   2258 |   2258 |      0 |    524 |    964 |   2 | 1129.0 |
       Dungeon |   2258 |   2258 |      0 |    524 |    964 |   2 | 1129.0 |
               +--------+--------+--------+--------+--------+-----+--------+

Top non-repeatable levels by time:
     D:1: 1307 daAuts
     D:2: 950 daAuts
